 Dungeon Crawl Stone Soup version 0.31-a0-818-ge7c7cf74f0 (webtiles) character file.

Game seed: 7183046651029240885

32 Essalna the Conjurer (level 3, -1/24 HPs)
             Began as a Demonspawn Conjurer on Sept 23, 2023.
             Killed from afar by Sigmund (12 damage)
             ... with a puff of flame
             ... on level 2 of the Dungeon.
             The game lasted 00:02:17 (1386 turns).

Essalna the Conjurer (Demonspawn Conjurer)          Turns: 1386, Time: 00:02:17

Health: -1/24      AC:  2    Str:  7    XL:     3   Next: 8%
Magic:  5/7        EV: 12    Int: 21    God:
Gold:   71         SH:  0    Dex: 11    Spells: 6/7 levels left

rFire   . . .        e - +0 short sword
rCold   . . .        (no shield)
rNeg    . . .        a - +0 robe
rPois   .            (no helmet)
rElec   .            (no cloak)
rCorr   .            (no gloves)
SInv    .            (no boots)
Will    .....        (no amulet)
Stlth   ++           (no ring)
HPRegen 0.24/turn    (no ring)
MPRegen 0.10/turn

%: no passive effects
@: no status effects
A: condensation shield
a: no special abilities


You were on level 2 of the Dungeon.
You visited 1 branch of the dungeon, and saw 2 of its levels.

You collected 71 gold pieces.

Inventory:

Hand Weapons
 e - a +0 short sword (weapon)
Missiles
 f - 4 silver javelins
Armour
 a - a +0 robe (worn)
Jewellery
 c - a ring of willpower
Scrolls
 d - 2 scrolls of teleportation {unknown}
 h - a scroll of amnesia {unknown}
Potions
 b - a potion of magic
 g - 2 potions of ambrosia {unknown}
 i - a potion of brilliance {unknown}
 j - a potion of degeneration {unknown}
 k - a potion of mutation {unknown}


   Skills:
 - Level 1.7 Dodging
 - Level 1.7 Stealth
 + Level 2.7 Spellcasting
 + Level 4.5 Conjurations


You had 6 spell levels left.
You knew the following spells:

 Your Spells              Type           Power      Damage    Failure   Level
a - Magic Dart            Conj           88%        1d7       2%          1

Your spell library contained the following spells:

 Spells                   Type           Power      Damage    Failure   Level
 Searing Ray              Conj           44%        2d6       3%          2
 Summon Small Mammal      Summ           8%         N/A       14%         1
 Dazzling Flash           Conj/Hex       24%        N/A       16%         3
 Lesser Beckoning         Tloc           4%         N/A       21%         2
 Poisonous Vapours        Pois/Air       4%         N/A       21%         2
 Mephitic Cloud           Conj/Pois/Air  9%         N/A       22%         3
 Call Canine Familiar     Summ           2%         N/A       38%         3
 Gell's Gravitas          Tloc           2%         N/A       38%         3
 Summon Guardian Golem    Hex/Summ       2%         N/A       38%         3
 Teleport Other           Tloc           2%         N/A       38%         3
 Fulminant Prism          Conj/Hex       6%         3d6       47%         4
 Iskenderun's Mystic Bla  Conj/Tloc      12%        2d5       47%         4
 Freezing Cloud           Conj/Ice/Air   4%         6-21      90%         5


Dungeon Overview and Level Annotations

Branches:
Dungeon (2/15)

Altars:

Annotations:
D:2 Sigmund


Innate Abilities, Weirdness & Mutations

A meltable shield of frost defends you. (SH +0)


Message History

The magic dart hits the kobold.
The kobold is heavily wounded.
The kobold shouts!
You hear a shout!
The magic dart hits the kobold.
You kill the kobold!
You can't see any susceptible monsters within range! (Use Z to cast anyway.)
You can't see any susceptible monsters within range! (Use Z to cast anyway.) Sigmund the Dreaded comes into view.
He is wielding a +0 scythe.
The magic dart hits Sigmund.
Sigmund is lightly wounded.
The magic dart hits Sigmund.
Sigmund is moderately wounded.
Sigmund points at you and mumbles some strange words.
You are confused.
A rat comes into view.
You're too confused to cast spells.
You're too confused to cast spells.
You're too confused to cast spells.
Sigmund points at you and mumbles some strange words.
You resist with significant effort.
Sigmund points at you and mumbles some strange words.
The puff of flame hits you.
Your condensation shield dissipates!
You bump into the rock wall.
You bump into the rock wall.
You bump into the rock wall.
Sigmund misses you.
You bump into the rock wall.
You bump into the rock wall.
You feel less confused.
Sigmund hits you from afar with a +0 scythe!
Ouch! That really hurt!
Sigmund attacks as he pursues you! Sigmund misses you.
Sigmund casts a spell at you. You resist with significant effort.
Sigmund is nearby!
Sigmund casts a spell at you. The puff of flame hits you!
Ouch! That really hurt!
You die...
Sigmund begins carving another notch in his scythe.

#.......#..#..#...# ....
#....##.#..##.#...# )..
...>###.#..#....).###########.#.#
#.#.###.#..#####.@..@.r..........
........#..#.....############.#.#
........#..#####.# ...
........#..# #.# .##.
........#..# #.# ##
###.#####..#####@# #
#.#####....<##.# #
#............... #
#.##...........##
#.##.).........# ...+...........#
###.#...........# .#...........#
.............#


You could see Sigmund.

Vanquished Creatures
  A dart slug (D:1)
  A bat (D:1)
  An endoplasm (D:1)
  A giant cockroach (D:2)
  A goblin (D:2)
  4 hobgoblins
  3 kobolds
  4 quokkas (D:1)
  4 ball pythons (D:1)
  A frilled lizard (D:2)
  5 rats (D:1)
26 creatures vanquished.

Notes
Turn   | Place    | Note
-------+----------+-------------------------------------------
     0 | D:1      | Essalna the Demonspawn Conjurer began the quest for the
                  | Orb.
     0 | D:1      | Reached XP level 1. HP: 13/13 MP: 3/3
   258 | D:1      | Gained mutation: A meltable shield of frost defends you.
                  | (SH +0) [demonic ancestry]
   258 | D:1      | Reached XP level 2. HP: 17/19 MP: 0/5
  1209 | D:2      | Reached XP level 3. HP: 24/24 MP: 0/7
  1363 | D:2      | Noticed Sigmund
  1386 | D:2      | Killed from afar by Sigmund

Illustrated notes

Levels and vault maps discovered:
D:1:      psy_arrival_terrarium, layout_loops_cross, grunt_decor_one_mirror
D:2:      layout_basic, uniq_robin, uniq_sigmund

Action                     || total
---------------------------++-------
  Melee: Unarmed           ||     4
         Short sword       ||    10
   Cast: Magic Dart        ||    56
 Armour: Robe              ||    10
  Dodge: Dodged            ||     9
  Block: Other             ||     2

Table legend: (Time is in decaauts)
 A = Elapsed time spent in this place.
 B = Non-inter-level travel time spent in this place.
 C = Inter-level travel time spent in this place.
 D = Time resting spent in this place.
 E = Time spent auto-exploring this place.
 F = Levels seen in this place.
 G = Mean time per level.
                   A        B        C        D        E       F      G
               +--------+--------+--------+--------+--------+-----+--------+
         Total |   1385 |   1379 |      6 |      0 |   1200 |   2 |  692.5 |
       Dungeon |   1385 |   1379 |      6 |      0 |   1200 |   2 |  692.5 |
               +--------+--------+--------+--------+--------+-----+--------+

Top non-repeatable levels by time:
     D:1: 1100 daAuts
     D:2: 284 daAuts
